 Dungeon Crawl Stone Soup version 0.29-a0-344-ge2f44be95a (webtiles) character file.

Game seed: 3148174925838934211

16021 HotDog666 the Basher (level 12, -13/75 HPs)
             Began as a Gargoyle Fighter on Apr 22, 2022.
             Was an Elder of the Shining One.
             Mangled by a very large slime creature (51 damage)
             ... on level 12 of the Dungeon.
             The game lasted 00:17:18 (17637 turns).

HotDog666 the Basher (Gargoyle Fighter)            Turns: 17637, Time: 00:17:18

Health: -13/75     AC: 26    Str: 22    XL:     12   Next: 33%
Magic:  14/16      EV: 13    Int: 10    God:    the Shining One [****..]
Gold:   605        SH: 20    Dex: 17    Spells: 11/11 levels left

rFire   + . .      SeeInvis .   a - +3 flail (protect)
rCold   + . .      Faith    .   I - +0 kite shield
rNeg    + + +      Spirit   .   G - +4 troll leather armour {Snorg}
rPois   ∞          Reflect  .   d - +0 helmet
rElec   +          Harm     .   J - scarf {rC+ rF+}
rCorr   .          Rampage  .   j - +1 pair of gloves
Will    .....                   (no boots)
Stlth   +.........              (no amulet)
HPRegen 1.02/turn               h - +4 ring of protection
MPRegen 0.15/turn               c - +6 ring of dexterity

@: divinely shielded, glowing
A: sickness immunity, AC +8, negative energy resistance 1, electricity
resistance, torment resistance 1, petrification resistance
a: Renounce Religion, Divine Shield, Cleansing Flame


You were on level 12 of the Dungeon.
You worshipped the Shining One.
The Shining One was greatly pleased with you.
You visited 1 branch of the dungeon, and saw 12 of its levels.
You also visited: Bailey.

You collected 941 gold pieces.
You spent 336 gold pieces at shops.

Inventory:

Hand Weapons
 a - a +3 flail of protection (weapon)
Missiles
 l - a throwing net (quivered)
Armour
 d - a +0 helmet (worn)
 j - a +1 pair of gloves (worn)
 x - a +0 plate armour
 G - a +4 troll leather armour (worn) {Snorg}
 I - a +0 kite shield (worn)
 J - a scarf of resistance (worn)
Jewellery
 c - a +6 ring of dexterity (right hand)
 h - a +4 ring of protection (left hand)
Wands
 b - a wand of iceblast (11)
 p - a wand of polymorph (5)
 A - a wand of digging (7)
 M - a wand of acid (1)
Scrolls
 f - 3 scrolls of enchant weapon
 g - 2 scrolls of holy word
 i - 8 scrolls of teleportation
 q - 3 scrolls of noise
 u - a scroll of summoning {unknown}
 v - 4 scrolls of blinking
 y - a scroll of silence {unknown}
 C - a scroll of fear {unknown}
 F - a scroll of fog {unknown}
 L - a scroll of identify
 N - a scroll of magic mapping
 O - a scroll of torment {unknown}
Potions
 e - 2 potions of berserk rage
 k - 3 potions of magic
 m - a potion of ambrosia
 n - a potion of experience {unknown}
 o - a potion of heal wounds
 r - 2 potions of invisibility {unknown}
 s - 5 potions of curing
 t - a potion of degeneration {unknown}
 w - 2 potions of resistance
 z - 3 potions of cancellation
 B - a potion of might
 D - a potion of haste
 E - a potion of flight {unknown}
 H - 2 potions of attraction {unknown}
 K - a potion of lignification {unknown}


   Skills:
 * Level 8.7 Fighting
 * Level 12.1 Maces & Flails
 * Level 9.8 Armour
 * Level 5.3 Dodging
 * Level 8.4 Shields
 + Level 0.7 Unarmed Combat
 * Level 6.6 Invocations


You had 11 spell levels left.
You didn't know any spells.
Your spell library contained the following spells:

 Spells                   Type           Power      Damage    Failure   Level
 Beastly Appendage        Tmut           0%         N/A       71%         1
 Foxfire                  Conj/Fire      0%         2x1d4     71%         1
 Sandblast                Erth           0%         2d4       71%         1
 Summon Small Mammal      Summ           0%         N/A       71%         1
 Ensorcelled Hibernation  Hex/Ice        0%         N/A       83%         2
 Passwall                 Tmut/Erth      0%         N/A       83%         2
 Wereblood                Tmut           0%         N/A       83%         2
 Call Canine Familiar     Summ           0%         N/A       97%         3
 Conjure Flame            Conj/Fire      0%         6-21      97%         3
 Inner Flame              Hex/Fire       0%         N/A       97%         3
 Portal Projectile        Hex/Tloc       0%         N/A       97%         3
 Spider Form              Tmut/Pois      0%         N/A       97%         3
 Stone Arrow              Conj/Erth      0%         3d7       97%         3
 Summon Guardian Golem    Hex/Summ       0%         N/A       97%         3
 Swiftness                Air            0%         N/A       97%         3
 Tukima's Dance           Hex            0%         N/A       97%         3
 Anguish                  Hex/Necr       0%         N/A       100%        4
 Flame Wave               Conj/Fire      0%         2d4       100%        4
 Leda's Liquefaction      Hex/Erth       0%         N/A       100%        4
 Summon Lightning Spire   Summ/Air       0%         N/A       100%        4
 Enfeeble                 Hex            0%         N/A       100%        7
 Storm Form               Tmut/Air       0%         N/A       100%        7
 Maxwell's Capacitive Co  Air            0%         ∞         100%        8


Dungeon Overview and Level Annotations

Branches:
Dungeon (12/15)            Temple (0/1) D:6            Lair (0/6) D:10
    Orc (0/2) D:10         Bailey (visited)

Altars:
Fedhas
Ru
The Shining One
Lugonu

Shops:
D:11 !

Portals:
Abyss: D:1

Annotations:
D:4 3 runed translucent doors, KateM's ghost, amateur MiFi


Innate Abilities, Weirdness & Mutations

You are immune to sickness and miasma.
Your stone body is resilient. (AC +8)
You are immune to poison.
You resist negative energy. (rN+)
You are resistant to electric shocks. (rElec)
You are resistant to unholy torment.
You are immune to petrification.


Message History

You sock the slime creature!
The slime creature is heavily wounded.
You block the slime creature's attack.
You hit the slime creature.
The slime creature is heavily wounded.
The slime creature barely misses you.
Two slime creatures merge to form a large slime creature.
You hit the large slime creature but do no damage.
The large slime creature is moderately wounded.
Your shield is strengthened by the Shining One's divine power.
You block the large slime creature's attack.
Two slime creatures merge to form a very large slime creature.
You thump the very large slime creature!
The very large slime creature is moderately wounded.
You hit the very large slime creature.
The very large slime creature is moderately wounded.
The very large slime creature hits you but does no damage.
You sock the very large slime creature!
The very large slime creature is moderately wounded.
You block the very large slime creature's attack.
You thump the very large slime creature!
The very large slime creature is moderately wounded.
You block the very large slime creature's attack.
You sock the very large slime creature!
The very large slime creature is heavily wounded.
The very large slime creature hits you!!
You bludgeon the very large slime creature!!
The very large slime creature is heavily wounded.
The very large slime creature hits you!!
A slime creature comes into view.
The very large slime creature attacks as you move away!
The very large slime creature hits you but does no damage.
The very large slime creature attacks as you move away!
You block the very large slime creature's attack.
The very large slime creature attacks as you move away!
You block the very large slime creature's attack.
You feel better.
The very large slime creature hits you!!!
Ouch! That really hurt!
You die...

... ... ...
#J# #.# #.#
#.# #
#.######### #
##!..J@....#
#
##.?.######.#
# .####.....#
#.# #
.........##
#.#
#######.##
#.# #.# #.# #
#.# #.# #
##'## #†# #
##...## #.###
#


You could see a very large slime creature.

Vanquished Creatures
  Snorg (D:10)
  2 hydras
  A boulder beetle (D:11)
  A two-headed ogre (D:11)
  Pikel (D:9)
  A manticore (D:11)
  An ugly thing (D:12)
  2 gargoyles (D:12)
  An unseen horror (D:10)
  A komodo dragon (D:12)
  3 trolls
  A hornet (D:10)
  Sigmund (D:2)
  18 yaks
  A shadow (D:11)
  3 wraiths
  3 vampire mosquitoes (D:12)
  3 acid dragons
  A water moccasin (D:9)
  5 black bears
  An ice beast (D:5)
  11 orc warriors
  A sky beast (D:8)
  7 ogres
  6 centaurs
  A phantom (D:5)
  4 kobold brigands
  5 bullfrogs
  A necrophage (D:5)
  2 gnoll sergeants (D:10)
  2 scorpions
  5 wights (D:8)
  5 killer bees (D:10)
  7 howler monkeys
  3 gnoll shamans
  6 orc priests
  5 hounds
  Terence (D:3)
  Natasha (thrice) (D:2)
  2 iguanas (D:6)
  6 orc wizards
  Robin (D:2)
  26 gnolls
  11 adders
  A white imp (D:7)
  2 worms (D:2)
  3 dart slugs
  39 orcs
  4 ball pythons
  10 endoplasms
  4 giant cockroaches
  9 goblins
  11 hobgoblins
  4 jackals (D:3)
  A quokka (D:5)
  4 bats
  2 frilled lizards (D:1)
  15 kobolds
  3 rats
285 creatures vanquished.

Vanquished Creatures (others)
  An orc (D:7)
  16 fungi
  15 plants
  3 toadstools (D:6)
35 creatures vanquished.

Grand Total: 320 creatures vanquished

Notes
Turn   | Place    | Note
-------+----------+-------------------------------------------
     0 | D:1      | HotDog666 the Gargoyle Fighter began the quest for the Orb.
     0 | D:1      | Reached XP level 1. HP: 14/14 MP: 1/1
   295 | D:1      | Reached XP level 2. HP: 5/19 MP: 2/2
   631 | D:1      | Found a corrupted altar of Lugonu.
   631 | D:1      | Found a one-way gate to the infinite horrors of the Abyss.
   631 | D:1      | Noticed a demonic crawler
   633 | D:1      | Noticed a demonic crawler
  1184 | D:2      | Reached XP level 3. HP: 10/23 MP: 3/3
  1819 | D:2      | Found a faded altar of an unknown god.
  1827 | D:2      | Reached XP level 4. HP: 27/28 MP: 4/4
  1834 | D:2      | Prayed at the altar of an unknown god.
  1834 | D:2      | Became a worshipper of the Shining One
  1834 | D:2      | Reached * piety under the Shining One
  2091 | D:2      | Noticed Terence
  2093 | D:2      | Reached skill level 1 in Invocations
  2095 | D:2      | Noticed Robin
  2111 | D:3      | Killed Terence
  2127 | D:3      | Reached skill level 3 in Maces & Flails
  2621 | D:3      | Reached XP level 5. HP: 33/33 MP: 5/5
  2640 | D:3      | Reached skill level 1 in Dodging
  2888 | D:3      | Found a blossoming altar of Fedhas.
  2897 | D:3      | Found a sacrificial altar of Ru.
  2954 | D:3      | Noticed a black bear
  3033 | D:4      | Noticed a wyvern
  3039 | D:4      | Noticed KateM's ghost (amateur MiFi)
  3040 | D:4      | Found a runed translucent gate.
  3040 | D:4      | Found a runed translucent gate.
  3040 | D:4      | Found a runed translucent gate.
  3053 | D:4      | Noticed an ogre
  3073 | D:4      | Killed an ogre
  3074 | D:4      | Reached skill level 4 in Maces & Flails
  3074 | D:4      | Reached XP level 6. HP: 12/38 MP: 3/7
  3342 | D:4      | Identified the +8 quarterstaff of Noon {holy, Drain rN+++
                  | Int-4 Stlth+}
  3638 | D:3      | Killed a black bear
  4600 | D:2      | Noticed Sigmund
  4601 | D:2      | Noticed Natasha
  4612 | D:2      | Killed Sigmund
  4613 | D:2      | Reached skill level 5 in Armour
  4613 | D:2      | Reached XP level 7. HP: 37/44 MP: 8/8
  4614 | D:2      | Killed Natasha
  4622 | D:2      | Killed Robin
  5080 | D:2      | Noticed Natasha
  5083 | D:2      | Killed Natasha
  5084 | D:2      | Reached skill level 5 in Maces & Flails
  5398 | D:2      | Noticed Natasha
  5417 | D:2      | Killed Natasha
  5891 | D:5      | Entered Level 5 of the Dungeon
  6041 | D:5      | Reached ** piety under the Shining One
  6048 | D:5      | Reached XP level 8. HP: 46/48 MP: 10/10
  6291 | D:5      | Reached skill level 6 in Maces & Flails
  6485 | D:5      | Reached skill level 5 in Fighting
  7063 | D:6      | Reached skill level 7 in Maces & Flails
  7159 | D:6      | Reached XP level 9. HP: 33/54 MP: 11/11
  7363 | D:6      | Found a staircase to the Ecumenical Temple.
  7794 | D:6      | Reached skill level 5 in Shields
  8960 | D:8      | Reached skill level 8 in Maces & Flails
  9630 | D:9      | Noticed a troll
  9640 | D:9      | Killed a troll
  9641 | D:9      | Reached XP level 10. HP: 60/60 MP: 13/13
  9649 | D:9      | Found a flagged portal.
  9768 | Bailey   | Entered a bailey
  9810 | Bailey   | Reached skill level 9 in Maces & Flails
 10588 | Bailey   | Noticed an orc knight
 10588 | Bailey   | Noticed an orc knight
 10588 | Bailey   | Noticed an orc knight
 11675 | D:9      | Noticed Pikel
 11700 | D:9      | Killed Pikel
 11835 | D:9      | Reached skill level 5 in Invocations
 12346 | D:10     | Entered Level 10 of the Dungeon
 12447 | D:10     | Reached *** piety under the Shining One
 12835 | D:10     | Found a staircase to the Lair.
 13052 | D:10     | Reached skill level 10 in Maces & Flails
 13662 | D:10     | Noticed Snorg
 13686 | D:10     | The Shining One protects you from harm!
 13688 | D:10     | Killed Snorg
 13689 | D:10     | Reached XP level 11. HP: 12/67 MP: 12/15
 14755 | D:10     | Found a staircase to the Orcish Mines.
 15124 | D:11     | Noticed a manticore
 15138 | D:11     | Killed a manticore
 15496 | D:11     | Reached skill level 11 in Maces & Flails
 15580 | D:11     | Found Leude's Distillery.
 15629 | D:11     | Noticed a four-headed hydra
 15636 | D:11     | Killed a four-headed hydra
 15730 | D:11     | Bought a potion of berserk rage for 70 gold pieces
 15730 | D:11     | Bought a potion of berserk rage for 70 gold pieces
 15730 | D:11     | Bought a potion of curing for 42 gold pieces
 15730 | D:11     | Bought 2 potions of curing for 84 gold pieces
 15730 | D:11     | Bought a potion of heal wounds for 70 gold pieces
 15771 | D:11     | Noticed a boulder beetle
 15808 | D:11     | Killed a boulder beetle
 15841 | D:11     | Identified the +2 scale mail "Deotu" {SInv}
 15973 | D:11     | Noticed a two-headed ogre
 15989 | D:11     | Killed a two-headed ogre
 16333 | D:12     | Noticed an eight-headed hydra
 16343 | D:12     | Killed an eight-headed hydra
 16344 | D:12     | Reached XP level 12. HP: 27/75 MP: 16/16
 16720 | D:12     | Reached skill level 5 in Dodging
 17041 | D:12     | Reached **** piety under the Shining One
 17156 | D:12     | Reached skill level 12 in Maces & Flails
 17637 | D:12     | Mangled by a very large slime creature

Illustrated notes

Levels and vault maps discovered:
D:1:      erik_arrival_cave_to_civilisation [erik_arrival_cave_to_temple],
          layout_rooms
D:2:      layout_basic, dreamdust_ecumenical_altar_grove, uniq_sigmund,
          uniq_natasha, uniq_terence, uniq_robin
D:3:      layout_basic, mainiacjoe_overflow_swirl
D:4:      layout_rooms, gammafunk_ghost_split
D:5:      layout_basic
D:6:      layout_basic, minmay_temple_entry_glassed_door,
          minmay_gold_behind_fungi, grunt_decor_mini_mirrors,
          grunt_decor_junction
D:7:      layout_rooms
D:8:      layout_gridville
D:9:      layout_stronghold, enter_bailey_8, roderic_roman_lattice,
          kennysheep_decorative_pillar, wad_floor_pattern_untrapped, uniq_pikel
D:10:     layout_roguey, grunt_lair_entry_orc_guard_hut, david_orc_4, uniq_snorg
D:11:     layout_loops_ring, serial_shops, nicolae_shop_hallway_stairs
D:12:     kennysheep_seaside_town, layout_loops_corners

Skill      XL: |  1  2  3  4  5  6  7  8  9 10 11 12 |
---------------+-------------------------------------+-----
Armour         | 4 5 6 7 8 9 |  9.8
Invocations    | 1 2 3 4 5 6 |  6.6
Maces & Flails | 3 4 5 7 8 10 11 12 | 12.1
Dodging        | 1 2 3 4 5 |  5.3
Fighting       | 4 5 6 7 8 |  8.7
Shields        | 4 5 6 7 8 |  8.4
Unarmed Combat | |  0.7

Action                   |  1- 3 |  4- 6 |  7- 9 | 10-12 || total
-------------------------+-------+-------+-------+-------++-------
Melee: Flail             |    71 |   123 |   274 |   623 ||  1091
       Unarmed           |       |       |    13 |       ||    13
Invok: Divine Shield     |       |     1 |     1 |     7 ||     9
       Cleansing Flame   |       |       |       |     2 ||     2
  Use: Scroll            |       |     6 |     7 |     9 ||    22
       Potion            |       |     3 |     2 |     2 ||     7
Armor: Scale mail        |    25 |    81 |   103 |       ||   209
       Plate armour      |       |       |   129 |   201 ||   330
       Troll leather arm |       |       |       |   179 ||   179
Dodge: Dodged            |    29 |    77 |   154 |   304 ||   564
Block: Buckler           |    12 |    33 |    90 |   197 ||   332
       Kite shield       |       |       |       |   200 ||   200

Table legend: (Time is in decaauts)
 A = Elapsed time spent in this place.
 B = Non-inter-level travel time spent in this place.
 C = Inter-level travel time spent in this place.
 D = Time resting spent in this place.
 E = Time spent auto-exploring this place.
 F = Levels seen in this place.
 G = Mean time per level.
                   A        B        C        D        E       F      G
               +--------+--------+--------+--------+--------+-----+--------+
         Total |  17700 |  17081 |    619 |   7194 |   7266 |  13 | 1361.5 |
       Dungeon |  16846 |  16227 |    619 |   6507 |   7252 |  12 | 1403.8 |
        Bailey |    853 |    853 |      0 |    687 |     14 |   1 |  853.0 |
               +--------+--------+--------+--------+--------+-----+--------+

Top non-repeatable levels by time:
    D:10: 2499 daAuts
     D:2: 2261 daAuts
     D:9: 2139 daAuts
     D:3: 1921 daAuts
    D:12: 1299 daAuts
     D:6: 1264 daAuts
    D:11: 1204 daAuts
     D:5: 1135 daAuts
     D:1: 1104 daAuts
  Bailey: 853 daAuts
     D:7: 684 daAuts
     D:4: 669 daAuts
     D:8: 662 daAuts
